 Adventure DCSS version bcrawl-1.27.3 (webtiles) character file.

Game seed: 13750414698499056534

99086 galech the Skirmisher (level 3, 29/29 HPs)
             Began as a Demonspawn Fighter on Sept 21, 2020.
             Quit the game on level 2 of the Dungeon.
             The game lasted 00:02:05 (1534 turns).

galech the Skirmisher (Demonspawn Fighter)          Turns: 1534, Time: 00:02:06

Health: 29/29      AC: 10    Str: 17    XL:     3   Next: 26%
Magic:  3/3        EV:  5    Int: 10    God:
Gold:   160        SH:  9    Dex: 12    Spells: 2/2 levels left
                                        Lives:  1   Deaths: 1

rFire    . . .     SeeInvis +   a - +0 war axe
rCold    . . .     Gourm    .   c - +0 medium shield
rNeg     . . .     Faith    +   b - +0 scale mail
rPois    .         Spirit   +   n - +2 helmet
rElec    .         Reflect  .   (no cloak)
rCorr    .         Harm     .   (no gloves)
MR       .....                  (no boots)
Stlth    ..........             t - amulet of faith
HPRegen  0.09/turn              r - ring of see invisible
MPRegen  0.08/turn              (no ring)

@: no status effects
A: talons 1, magic shield
a: no special abilities


You were on level 2 of the Dungeon.
You were not hungry.

You visited 1 branch of the dungeon, and saw 3 of its levels.

You collected 160 gold pieces.

Inventory:

Hand Weapons
 a - a +0 war axe (weapon)
Armour
 b - a +0 scale mail (worn)
 c - a +0 medium shield (worn)
 n - a +2 helmet (worn)
Jewellery
 r - a ring of see invisible (left hand)
 t - an amulet of faith (around neck)
Wands
 u - a wand of polymorph (16)
Scrolls
 f - 2 scrolls of enchant armour
 h - 2 scrolls of immolation
 j - a scroll of enchant weapon
 o - 4 scrolls of remove curse {unknown}
 q - a scroll of fog {unknown}
 s - a scroll of amnesia {unknown}
 w - a scroll of teleportation {unknown}
Potions
 g - a potion of heal wounds {unknown}
 i - a potion of flight {unknown}
 k - a potion of mutation {unknown}
 l - a potion of berserk rage {unknown}
 m - a potion of curing {unknown}
 p - a potion of brilliance {unknown}
Comestibles
 e - 5 rations {!d}


   Skills:
 + Level 3.3 Fighting
 + Level 2.9 Axes
 + Level 3.2 Armour
 + Level 0.9 Dodging
 + Level 3.0 Shields


You had 2 spell levels left.
You didn't know any spells.
Your spell library was empty.

Dungeon Overview and Level Annotations

Branches:
Dungeon (3/12)

Altars:


Innate Abilities, Weirdness & Mutations

You have sharp toenails.
When hurt, damage is shared between your health and your magic reserves.


Message History

The orc wizard points at you and mumbles some strange words.
The puff of flame hits you!
* * * LOW HITPOINT WARNING * * *
You climb upwards.
There is a stone staircase leading down here.
You feel very mighty all of a sudden. You block the orc's attack.
You block the orc priest's attack.
You hit the orc priest but do no damage.
You slash the orc!
You kill the orc!
You block the orc priest's attack.
You barely miss the orc priest.
You claw the orc priest, but do no damage.
The orc priest calls down the wrath of Beogh upon you.
Beogh smites you!
You die...
Xom reaches out...
You are now level 3!
You rejoin the land of the living...
Are you sure you want to abandon this character and quit the game? (Confirm with "yes".)

#.#...#.##.........
#######.##.##.##.######..
#........................
#.#####.##.##.#..####....
#.# #.##(##.#..# #.##.
#.# #......)#..####.##.
#.# ##........)........
#.# #..<.#.....<##.##.
#.# #@#.##..###.##.##.
#.# #.#.....# #.......
#.# ###.#..#..###.#####.
#.# #............<# #.
#.# ##.######..#.### #[
#.# #..#....#..#.# #.
####.###..#....#.##.# #.
##.#)..##..#....#..#.# #.
#.#........#....#....# #.


There were no monsters in sight!

Vanquished Creatures
  An adder (D:3)
  2 oozes (D:2)
  3 worms (D:2)
  3 dart slugs
  3 leopard geckos
  An orc (D:2)
  3 giant cockroaches
  8 goblins
  5 hobgoblins
  2 quokkas (D:2)
  2 bats (D:2)
  5 frilled lizards
  10 kobolds
  2 rats
50 creatures vanquished.

Notes
Turn   | Place    | Note
-------+----------+-------------------------------------------
     0 | D:1      | galech the Demonspawn Fighter began the quest for the Orb.
     0 | D:1      | Reached XP level 1. HP: 18/18 MP: 1/1
   186 | D:1      | Gained mutation: You have sharp toenails. [demonic
                  | ancestry]
   186 | D:1      | Reached XP level 2. HP: 24/24 MP: 2/2
   596 | D:2      | Reached XP level 3. HP: 24/29 MP: 3/3
  1248 | D:2      | Gained mutation: When hurt, damage is shared between your
                  | health and your magic reserves. [demonic ancestry]
  1248 | D:2      | Reached XP level 4. HP: 30/35 MP: 4/4
  1533 | D:2      | Killed from afar by an orc priest
  1534 | D:2      | Reached XP level 3. HP: -8/29 MP: 0/3
  1534 | D:2      | Quit the game

Skill      XL: |  1  2  3 |
---------------+----------+-----
Axes           | 2 |  2.9
Shields        | 3 |  3.0
Armour         | 3 |  3.2
Fighting       | |  3.3
Dodging        | |  0.9

Action                   |  1- 3 |  4- 6 || total
-------------------------+-------+-------++-------
Melee: War axe           |   125 |    19 ||   144
       Kick              |    22 |     3 ||    25
  Use: Scroll            |     3 |       ||     3
       Potion            |       |     1 ||     1
  Eat: Chunk             |     6 |     2 ||     8
Armor: Scale mail        |    53 |     3 ||    56
Dodge: Dodged            |    21 |     1 ||    22
Block: Medium shield     |    61 |    16 ||    77
